[ AOE2 MATCH · #513685575 ]
UnrankedMalay vs Civ #60
Player's team · LOSS
Rival team · WIN
[ REPLAY ANALYSIS · EXTRACTED FROM THE RECORDED GAME ]
Feudal
9:39
Castle
20:50
Imperial
—
| APM avg | 75.7 |
| APM peak | 97 |
| eAPM avg | 30.3 |
| Villagers / military | 101 / 48 |
Focus
⚔️ 40.1% · 🌾 59.9%
Archer ×18 · Skirmisher ×13 · Battle Elephant ×6 · Mangonel ×5 · Monk ×3 · Militia ×3
Feudal
8:50
Castle
21:28
Imperial
—
| APM avg | 86.3 |
| APM peak | 120 |
| eAPM avg | 41.7 |
| Villagers / military | 92 / 33 |
Focus
⚔️ 55.2% · 🌾 44.8%
Skirmisher ×12 · Unknown (2703) ×9 · Archer ×6 · Mangonel ×6 · Monk ×4 · Militia ×3
Match map
Initial resources + every placement click. Lines = walls · curves = elevation contours. ◆ gold · ⬟ stone · ● berries · ✦ relic · ◌ wall gap
Your base· Open — unwalled flank
wR.Nicov's base· Open — unwalled flank
Smoothed initial terrain · ◌ = detected wall gap · hover for details
Inputs per minute
— Oni.Kingstone - - wR.Nicov
Build order — Oni.Kingstone
First 150 of 283 actions detected
| 0:00 | Queue | Villager (Male) |
| 0:00 | Queue | Villager (Male) |
| 0:01 | Queue | Villager (Male) |
| 0:02 | Build | House |
| 0:02 | Build | House |
| 0:15 | Queue | Villager (Male) |
| 1:33 | Queue | Villager (Male) |
| 1:33 | Queue | Villager (Male) |
| 1:54 | Queue | Villager (Male) |
| 1:54 | Queue | Villager (Male) |
| 1:54 | Queue | Villager (Male) |
| 2:22 | Queue | Villager (Male) |
| 2:22 | Queue | Villager (Male) |
| 2:37 | Build | Lumber Camp |
| 2:51 | Queue | Villager (Male) |
| 2:51 | Queue | Villager (Male) |
| 2:52 | Queue | Villager (Male) |
| 3:28 | Queue | Villager (Male) |
| 3:28 | Queue | Villager (Male) |
| 3:57 | Queue | Villager (Male) |
| 3:57 | Queue | Villager (Male) |
| 4:00 | Build | House |
| 4:21 | Queue | Villager (Male) |
| 4:46 | Queue | Villager (Male) |
| 4:46 | Queue | Villager (Male) |
| 5:32 | Queue | Villager (Male) |
| 5:49 | Queue | Villager (Male) |
| 5:59 | Build | House |
| 6:27 | Research | Loom |
| 6:32 | Build | Barracks |
| 6:55 | Queue | Villager (Male) |
| 7:07 | Build | House |
| 7:08 | Build | Palisade Wall |
| 7:13 | Build | Mining Camp |
| 7:22 | Queue | Villager (Male) |
| 7:43 | Build | Palisade Wall |
| 7:51 | Queue | Militia |
| 7:56 | Queue | Villager (Male) |
| 8:12 | Research | Feudal Age |
| 8:15 | Queue | Militia |
| 8:33 | Build | Mill |
| 8:38 | Queue | Militia |
| 9:10 | Build | Palisade Wall |
| 9:15 | Build | Palisade Wall |
| 9:20 | Build | House |
| 9:26 | Build | Palisade Wall |
| 9:27 | Build | Palisade Wall |
| 9:28 | Build | Palisade Wall |
| 9:28 | Build | Palisade Wall |
| 9:38 | Build | Palisade Wall |
| 9:39 | Age | Feudal Age |
| 9:41 | Queue | Villager (Male) |
| 9:41 | Queue | Villager (Male) |
| 9:45 | Build | Archery Range |
| 9:54 | Build | House |
| 10:02 | Research | Man-at-Arms (upgrade) |
| 10:02 | Research | Man-at-Arms (upgrade) |
| 10:13 | Build | Palisade Wall |
| 10:17 | Research | Double-Bit Axe |
| 10:22 | Build | House |
| 10:38 | Queue | Villager (Male) |
| 10:38 | Queue | Villager (Male) |
| 10:46 | Queue | Archer |
| 10:55 | Build | Farm |
| 10:56 | Build | Farm |
| 10:59 | Queue | Villager (Male) |
| 11:00 | Queue | Archer |
| 11:17 | Queue | Villager (Male) |
| 11:28 | Build | House |
| 11:36 | Queue | Villager (Male) |
| 11:48 | Queue | Villager (Male) |
| 11:48 | Queue | Villager (Male) |
| 11:49 | Build | Blacksmith |
| 12:00 | Queue | Archer |
| 12:12 | Queue | Villager (Male) |
| 12:16 | Build | Farm |
| 12:28 | Build | House |
| 12:29 | Research | Fletching |
| 12:50 | Queue | Villager (Male) |
| 12:50 | Queue | Villager (Male) |
| 12:52 | Build | Farm |
| 12:53 | Build | Farm |
| 13:01 | Build | Farm |
| 13:06 | Queue | Skirmisher |
| 13:12 | Build | Farm |
| 13:15 | Build | Farm |
| 13:15 | Queue | Skirmisher |
| 13:16 | Build | Farm |
| 13:23 | Build | Farm |
| 13:24 | Queue | Villager (Male) |
| 13:28 | Build | House |
| 13:46 | Queue | Skirmisher |
| 13:57 | Queue | Villager (Male) |
| 14:02 | Build | Farm |
| 14:02 | Build | Farm |
| 14:18 | Queue | Archer |
| 14:23 | Queue | Villager (Male) |
| 14:30 | Queue | Villager (Male) |
| 14:36 | Build | Farm |
| 14:37 | Build | Farm |
| 14:38 | Queue | Archer |
| 14:45 | Build | Farm |
| 14:49 | Build | Farm |
| 14:58 | Build | Palisade Wall |
| 15:00 | Build | Palisade Wall |
| 15:00 | Build | Palisade Wall |
| 15:05 | Build | Farm |
| 15:05 | Queue | Villager (Male) |
| 15:16 | Build | House |
| 15:18 | Build | House |
| 15:36 | Queue | Villager (Male) |
| 15:44 | Research | Padded Archer Armor |
| 15:45 | Queue | Skirmisher |
| 15:45 | Queue | Villager (Male) |
| 16:01 | Build | Farm |
| 16:02 | Queue | Villager (Male) |
| 16:07 | Queue | Archer |
| 16:09 | Build | Farm |
| 16:36 | Build | Farm |
| 16:37 | Build | Farm |
| 16:38 | Queue | Villager (Male) |
| 16:45 | Queue | Skirmisher |
| 17:10 | Queue | Villager (Male) |
| 17:12 | Queue | Villager (Male) |
| 17:13 | Build | House |
| 17:18 | Build | Archery Range |
| 17:37 | Queue | Villager (Male) |
| 17:39 | Build | Outpost |
| 17:46 | Queue | Skirmisher |
| 18:03 | Build | House |
| 18:15 | Queue | Skirmisher |
| 18:22 | Build | Farm |
| 18:23 | Build | Farm |
| 18:43 | Queue | Villager (Male) |
| 18:49 | Queue | Archer |
| 19:08 | Build | House |
| 19:10 | Build | Palisade Wall |
| 19:12 | Build | House |
| 19:14 | Research | Castle Age |
| 19:14 | Research | Castle Age |
| 19:21 | Build | Lumber Camp |
| 19:34 | Queue | Skirmisher |
| 19:35 | Queue | Archer |
| 19:37 | Research | Horse Collar |
| 19:44 | Build | Farm |
| 19:56 | Queue | Skirmisher |
| 19:56 | Queue | Skirmisher |
| 20:28 | Queue | Skirmisher |
| 20:29 | Build | Farm |
| 20:31 | Research | Gold Mining |
Build order — wR.Nicov
First 150 of 291 actions detected
| 0:00 | Queue | Villager (Male) |
| 0:01 | Queue | Villager (Male) |
| 0:01 | Queue | Villager (Male) |
| 0:02 | Build | House |
| 0:02 | Build | House |
| 0:03 | Queue | Villager (Male) |
| 1:19 | Queue | Villager (Male) |
| 1:46 | Queue | Villager (Male) |
| 2:10 | Build | Lumber Camp |
| 2:24 | Queue | Villager (Male) |
| 2:24 | Queue | Villager (Male) |
| 2:42 | Queue | Villager (Male) |
| 2:56 | Queue | Villager (Male) |
| 2:57 | Queue | Villager (Male) |
| 2:58 | Queue | Villager (Male) |
| 3:09 | Build | House |
| 3:34 | Queue | Villager (Male) |
| 3:53 | Queue | Villager (Male) |
| 4:31 | Queue | Villager (Male) |
| 4:58 | Build | House |
| 5:09 | Queue | Villager (Male) |
| 5:33 | Build | Barracks |
| 5:38 | Queue | Villager (Male) |
| 5:39 | Research | Loom |
| 6:31 | Research | Feudal Age |
| 6:31 | Research | Feudal Age |
| 6:38 | Queue | Militia |
| 6:47 | Queue | Militia |
| 7:05 | Build | Mill |
| 7:31 | Queue | Militia |
| 8:07 | Queue | Villager (Male) |
| 8:24 | Queue | Villager (Male) |
| 8:44 | Build | Mining Camp |
| 8:50 | Age | Feudal Age |
| 8:52 | Research | Man-at-Arms (upgrade) |
| 8:52 | Research | Double-Bit Axe |
| 8:58 | Build | House |
| 9:11 | Queue | Villager (Male) |
| 9:36 | Queue | Villager (Male) |
| 9:41 | Build | Palisade Wall |
| 9:42 | Queue | Spearman |
| 9:48 | Build | Archery Range |
| 9:50 | Build | Palisade Wall |
| 10:04 | Build | Palisade Wall |
| 10:06 | Build | Palisade Wall |
| 10:11 | Queue | Villager (Male) |
| 10:11 | Queue | Villager (Male) |
| 10:13 | Build | House |
| 10:18 | Build | Palisade Wall |
| 10:19 | Build | Palisade Wall |
| 10:19 | Build | Palisade Wall |
| 10:20 | Build | Palisade Wall |
| 10:20 | Build | Palisade Wall |
| 10:22 | Build | Palisade Wall |
| 10:24 | Build | Palisade Wall |
| 10:25 | Build | Palisade Wall |
| 10:28 | Queue | Villager (Male) |
| 10:56 | Research | Arson |
| 10:56 | Research | Arson |
| 11:07 | Queue | Villager (Male) |
| 11:13 | Build | Farm |
| 11:14 | Build | Farm |
| 11:19 | Build | Palisade Wall |
| 11:19 | Queue | Archer |
| 11:34 | Queue | Villager (Male) |
| 11:35 | Build | Farm |
| 11:40 | Build | Palisade Wall |
| 11:47 | Build | House |
| 11:49 | Queue | Villager (Male) |
| 12:01 | Build | Palisade Wall |
| 12:01 | Build | Palisade Wall |
| 12:02 | Build | Palisade Wall |
| 12:04 | Queue | Archer |
| 12:16 | Queue | Villager (Male) |
| 12:18 | Build | Farm |
| 12:23 | Build | House |
| 12:29 | Queue | Archer |
| 12:31 | Build | Blacksmith |
| 12:46 | Queue | Villager (Male) |
| 12:49 | Build | Palisade Wall |
| 12:55 | Queue | Archer |
| 12:57 | Queue | Villager (Male) |
| 13:01 | Build | Palisade Wall |
| 13:07 | Build | Farm |
| 13:19 | Build | Farm |
| 13:24 | Build | House |
| 13:32 | Queue | Villager (Male) |
| 13:34 | Build | Farm |
| 13:38 | Build | Palisade Wall |
| 13:45 | Research | Fletching |
| 13:49 | Queue | Villager (Male) |
| 14:10 | Build | Stone Wall |
| 14:11 | Queue | Villager (Male) |
| 14:14 | Build | House |
| 14:22 | Build | Market |
| 14:24 | Build | House |
| 14:25 | Build | Stone Wall |
| 14:32 | Queue | Skirmisher |
| 14:36 | Queue | Villager (Male) |
| 14:43 | Build | Farm |
| 14:44 | Build | Farm |
| 14:44 | Build | Farm |
| 14:54 | Build | Palisade Wall |
| 15:09 | Research | Padded Archer Armor |
| 15:11 | Build | Farm |
| 15:18 | Queue | Villager (Male) |
| 15:37 | Build | Archery Range |
| 15:43 | Queue | Archer |
| 15:44 | Queue | Villager (Male) |
| 16:00 | Queue | Skirmisher |
| 16:04 | Queue | Villager (Male) |
| 16:12 | Build | Farm |
| 16:16 | Queue | Villager (Male) |
| 16:19 | Build | House |
| 16:21 | Build | House |
| 16:29 | Queue | Skirmisher |
| 16:49 | Queue | Villager (Male) |
| 16:58 | Queue | Skirmisher |
| 17:06 | Build | Palisade Wall |
| 17:11 | Queue | Skirmisher |
| 17:14 | Build | Palisade Wall |
| 17:29 | Queue | Villager (Male) |
| 17:37 | Queue | Archer |
| 17:46 | Build | Palisade Wall |
| 18:01 | Queue | Villager (Male) |
| 18:48 | Research | Castle Age |
| 18:48 | Research | Castle Age |
| 18:52 | Build | Lumber Camp |
| 19:07 | Queue | Skirmisher |
| 19:24 | Queue | Skirmisher |
| 19:25 | Research | Gold Mining |
| 19:35 | Queue | Skirmisher |
| 19:52 | Queue | Skirmisher |
| 19:56 | Build | Farm |
| 20:23 | Queue | Skirmisher |
| 20:25 | Build | Farm |
| 20:38 | Build | House |
| 21:13 | Queue | Villager (Male) |
| 21:28 | Queue | Skirmisher |
| 21:28 | Age | Castle Age |
| 21:30 | Research | Elite Skirmisher (upgrade) |
| 21:30 | Research | Bodkin Arrow |
| 21:31 | Research | Bow Saw |
| 21:35 | Build | Siege Workshop |
| 21:38 | Queue | Villager (Male) |
| 21:39 | Build | House |
| 21:59 | Queue | Villager (Male) |
| 22:08 | Queue | Mangonel |
| 22:17 | Queue | Villager (Male) |
| 22:36 | Queue | Villager (Male) |
Match timeline
| 5:33 | wR.Nicov · first_building Barracks |
| 6:32 | Oni.Kingstone · first_building Barracks |
| 7:08 | Oni.Kingstone · wall_segment Palisade Wall x1 |
| 7:43 | Oni.Kingstone · wall_segment Palisade Wall x1 |
| 8:50 | wR.Nicov · age_up feudal |
| 9:10 | Oni.Kingstone · wall_segment Palisade Wall x1 |
| 9:15 | Oni.Kingstone · wall_segment Palisade Wall x1 |
| 9:26 | Oni.Kingstone · wall_segment Palisade Wall x1 |
| 9:27 | Oni.Kingstone · wall_segment Palisade Wall x1 |
| 9:28 | Oni.Kingstone · wall_segment Palisade Wall x1 |
| 9:28 | Oni.Kingstone · wall_segment Palisade Wall x1 |
| 9:38 | Oni.Kingstone · wall_segment Palisade Wall x1 |
| 9:39 | Oni.Kingstone · age_up feudal |
| 9:41 | wR.Nicov · wall_segment Palisade Wall x2 |
| 9:45 | Oni.Kingstone · first_building Archery Range |
| 9:48 | wR.Nicov · first_building Archery Range |
| 9:50 | wR.Nicov · wall_segment Palisade Wall x1 |
| 10:04 | wR.Nicov · wall_segment Palisade Wall x1 |
| 10:06 | wR.Nicov · wall_segment Palisade Wall x1 |
| 10:13 | Oni.Kingstone · wall_segment Palisade Wall x1 |
| 10:18 | wR.Nicov · wall_segment Palisade Wall x1 |
| 10:19 | wR.Nicov · wall_segment Palisade Wall x1 |
| 10:19 | wR.Nicov · wall_segment Palisade Wall x1 |
| 10:20 | wR.Nicov · wall_segment Palisade Wall x1 |
| 10:20 | wR.Nicov · wall_segment Palisade Wall x1 |
| 10:22 | wR.Nicov · wall_segment Palisade Wall x1 |
| 10:24 | wR.Nicov · wall_segment Palisade Wall x1 |
| 10:25 | wR.Nicov · wall_segment Palisade Wall x1 |
| 11:19 | wR.Nicov · wall_segment Palisade Wall x4 |
| 11:40 | wR.Nicov · wall_segment Palisade Wall x1 |
| 12:01 | wR.Nicov · wall_segment Palisade Wall x1 |
| 12:01 | wR.Nicov · wall_segment Palisade Wall x1 |
| 12:02 | wR.Nicov · wall_segment Palisade Wall x1 |
| 12:49 | wR.Nicov · wall_segment Palisade Wall x1 |
| 13:01 | wR.Nicov · wall_segment Palisade Wall x5 |
| 13:38 | wR.Nicov · wall_segment Palisade Wall x1 |
| 14:10 | wR.Nicov · wall_segment Stone Wall x1 |
| 14:25 | wR.Nicov · wall_segment Stone Wall x1 |
| 14:54 | wR.Nicov · wall_segment Palisade Wall x15 |
| 14:58 | Oni.Kingstone · wall_segment Palisade Wall x1 |
| 15:00 | Oni.Kingstone · wall_segment Palisade Wall x1 |
| 15:00 | Oni.Kingstone · wall_segment Palisade Wall x1 |
| 16:14 | wR.Nicov · first_market_sell 100 stone |
| 16:16 | wR.Nicov · first_market_buy 100 food |
| 17:06 | wR.Nicov · wall_segment Palisade Wall x8 |
| 17:14 | wR.Nicov · wall_segment Palisade Wall x1 |
| 17:46 | wR.Nicov · wall_segment Palisade Wall x1 |
| 19:10 | Oni.Kingstone · wall_segment Palisade Wall x2 |
| 20:50 | Oni.Kingstone · age_up castle |
| 21:28 | wR.Nicov · age_up castle |
| 21:35 | wR.Nicov · first_building Siege Workshop |
| 22:20 | Oni.Kingstone · first_building Siege Workshop |
| 24:16 | Oni.Kingstone · first_building Monastery |
| 25:15 | wR.Nicov · first_building Monastery |
| 25:57 | Oni.Kingstone · first_building Stable |
| 26:07 | Oni.Kingstone · first_market_sell 100 food |
| 26:07 | Oni.Kingstone · first_market_buy 100 stone |
| 31:00 | wR.Nicov · first_building Castle |
| 32:55 | Oni.Kingstone · resign |
[ AI ANALYSIS · 1 CREDIT ]
What really happened in this match?
Wolo.gg analyzes every decision: build order, eco, micro, common mistakes by bracket. Personalized analysis on WhatsApp or Discord in 30 seconds.
Civ guide
Malay
Perfil
Jugador #2776293